 Dungeon Crawl Stone Soup version 0.32-a0-4-g72778bb (webtiles) character file.

Game seed: 1036140339192304320

1347538 mightyno9 the Sorcerer (level 23, 164/196 HPs)
             Began as a Mummy Air Elementalist on Jan 10, 2024.
             Was the Champion of Ru.
             Escaped with the Orb
             ... and 3 runes on Jan 13, 2024!
             The game lasted 05:19:25 (110489 turns).

mightyno9 the Sorcerer (Mummy Air Elementalist)   Turns: 110489, Time: 05:19:25

Health: 164/196    AC: 19    Str: 15 (18) XL:     23   Next: 86%
Magic:  49/51      EV: 14    Int: 28 (31) God:    Ru [******]
Gold:   2222       SH: 21    Dex: 13      Spells: 7/70 levels left

rFire   + + .        n - staff "Huzahupn" {rElec rF+ Str+6 Stlth- Tloc Fire}
rCold   + + +        A - +3 kite shield {reflect}
rNeg    + + +        e - +5 ring mail {Will+}
rPois   ∞            x - +1 helmet {Int+3}
rElec   +            d - scarf {rC+ rF+}
rCorr   +            T - +0 pair of gloves of Ziomn {rElec rC+ Int+4}
SInv    +            b - +2 pair of boots {Fly}
Will    +++..        N - amulet "Qaing" {Reflect ^Drain rF+ SH+5 SInv}
Stlth   +            c - ring of resist corrosion
HPRegen 0.52/turn    o - ring of wizardry
MPRegen 0.32/turn

%: reflection, faith, wizardry (x1)
@: flying, studying 2 skills
A: cold resistance 1, negative energy resistance 3, torment resistance 2, heat
vulnerability 1, inability to use devices, hated by all, no hexes magic, no ice
magic, no summoning magic, inexperienced 2, in touch with death 2, no potions,
faith
0: Orb of Zot
}: 3/15 runes: decaying, slimy, gossamer
a: Renounce Religion, Draw Out Power, Power Leap, Apocalypse


You escaped.
You worshipped Ru.
Ru was exalted by your worship.
You visited 11 branches of the dungeon, and saw 52 of its levels.
You visited 1 bazaar.
You also visited: Sewer, Ice Cave and Desolation.

You collected 6032 gold pieces.
You spent 3810 gold pieces at shops.

Inventory:

Hand Weapons
 H - a +1 demon whip of venom
Missiles
 a - 3 throwing nets
 l - 42 poisoned darts
 v - 6 curare-tipped darts (quivered)
Armour
 b - a +2 pair of boots of flying (worn)
 d - a scarf of resistance (worn)
 e - a +5 ring mail of willpower (worn)
 f - a scarf of repulsion
 x - a +1 helmet of intelligence (worn)
 A - a +3 kite shield of reflection (worn)
 T - the +0 pair of gloves of Ziomn (worn) {rElec rC+ Int+4}
   (You found it on level 3 of the Elven Halls)

   Int+4:     It affects your intelligence (+4).
   rC+:       It protects you from cold.
   rElec:     It insulates you from electricity.
Magical Staves
 n - the staff "Huzahupn" (weapon) {rElec rF+ Str+6 Stlth- Tloc Fire}
   (You found it on level 5 of the Lair of Beasts)

   [staff of fire]

   Base accuracy: +5 Base damage: 5 Base attack delay: 1.2 This weapon's minimum
   attack delay (0.6) is reached at skill level 12.
   Str+6:     It affects your strength (+6).
   rF+:       It protects you from fire.
   rElec:     It insulates you from electricity.
   Stlth-:    It makes you less stealthy.
   Tloc:      It increases the power of your Translocations spells.
   Fire:      It increases the power of your Fire spells.
   It falls into the 'Staves' category.
   It is a one-handed weapon.
Jewellery
 c - a ring of resist corrosion (left hand)
 j - a ring of protection from fire
 k - an amulet of regeneration
 o - a ring of wizardry (right hand)
 p - the ring "Vulexzie" {rC++ Will+ EV+5}
   (You bought it in a shop in a bazaar)

   [ring of evasion]

   EV+5:      It affects your evasion (+5).
   rC++:      It greatly protects you from cold.
   Will+:     It increases your willpower.
 w - the ring "Xostronua" {rF++ rN+++ rCorr Str-4 Dex-2}
   (You found it on level 5 of the Pits of Slime)

   [ring of resist corrosion]

   Str-4:     It affects your strength (-4).
   Dex-2:     It affects your dexterity (-2).
   rF++:      It greatly protects you from fire.
   rN+++:     It renders you almost immune to negative energy.
   rCorr:     It protects you from acid and corrosion.
 M - a ring of willpower
 N - the amulet "Qaing" (around neck) {Reflect ^Drain rF+ SH+5 SInv}
   (You bought it in a shop on level 2 of the Orcish Mines)

   [amulet of reflection]

   Reflect:   It reflects blocked missile attacks.
   rF+:       It protects you from fire.
   SInv:      It lets you see invisible.
   ^Drain:    It drains your maximum health when unequipped.
   SH+5:      It affects your SH (+5).
 P - an amulet of the acrobat
 Q - a ring of flight
Scrolls
 g - 10 scrolls of vulnerability
 h - 6 scrolls of enchant weapon
 i - 7 scrolls of fog
 m - 2 scrolls of brand weapon
 q - 4 scrolls of revelation
 r - 7 scrolls of poison
 s - 3 scrolls of amnesia
 t - 12 scrolls of teleportation
 u - 8 scrolls of immolation
 z - 4 scrolls of fear
 F - 2 scrolls of torment
 G - 10 scrolls of blinking
 L - 2 scrolls of silence


   Skills:
 - Level 20.0 Fighting
 - Level 4.0 Throwing
 - Level 10.0 Armour
 + Level 11.5 Dodging
 - Level 4.0 Stealth
 - Level 15.0 Shields
 - Level 24.0 Spellcasting
 - Level 12.0 Conjurations
 - Level 8.0 Necromancy
 - Level 4.0 Translocations
 - Level 18.0 Air Magic
 - Level 8.0 Earth Magic
 - Level 12.0 Alchemy


You had 7 spell levels left.
You knew the following spells:

 Your Spells              Type           Power      Damage    Failure   Level
a - Shock                 Conj/Air       100%       1d9       0%          1
b - Maxwell's Capacitive  Air            47%        ∞         4%          8
c - Swiftness             Air            94%        N/A       0%          3
d - Airstrike             Air            47%        2d(7-23)  0%          4
e - Conjure Ball Lightni  Conj/Air       43%        3x3d15    1%          6
f - Passwall              Erth           68%        N/A       1%          3
g - Irradiate             Conj/Alch      39%        3d24      1%          5
h - Eringya's Noxious Bo  Alch           39%        4d6       1%          6
i - Bombard               Conj/Erth      37%        9d6       2%          6
j - Ignite Poison         Fire/Alch      79%        N/A       1%          4
k - Lee's Rapid Deconstr  Erth           34%        3d17*     1%          5
l - Stone Arrow           Conj/Erth      100%       3d13      1%          3
m - Borgnjor's Vile Clut  Necr/Erth      54%        N/A       1%          5
n - Olgreb's Toxic Radia  Alch           79%        N/A       1%          4

Your spell library contained the following spells:

 Spells                   Type           Power      Damage    Failure   Level
 Magic Dart               Conj           100%       1d8       0%          1
 Sting                    Conj/Alch      100%       1d9       0%          1
 Mercury Vapours          Alch/Air       100%       N/A       0%          2
 Static Discharge         Conj/Air       100%       3-8/arc   0%          2
 Necrotise                Necr           100%       1d9       1%          1
 Sandblast                Erth           100%       2d20      1%          1
 Lesser Beckoning         Tloc           100%       N/A       1%          2
 Gell's Gravitas          Tloc           71%        N/A       1%          3
 Mephitic Cloud           Conj/Alch/Air  84%        N/A       1%          3
 Teleport Other           Tloc           71%        N/A       1%          3
 Vampiric Draining        Necr           100%       2d13      1%          3
 Volatile Blastmotes      Fire/Tloc      100%       2d18      1%          3
 Brom's Barrelling Bould  Conj/Erth      74%        2d9       1%          4
 Fulminant Prism          Conj/Alch      39%        3d17      1%          4
 Iskenderun's Mystic Bla  Conj/Tloc      87%        2d17      1%          4
 Leda's Liquefaction      Alch/Erth      37%        N/A       1%          4
 Sticky Flame             Fire/Alch      79%        2d12      1%          4
 Vhi's Electric Charge    Tloc/Air       100%       N/A       1%          4
 Alistair's Intoxication  Alch           52%        N/A       1%          5
 Arcjolt                  Conj/Air       43%        1d53      1%          5
 Curse of Agony           Necr           100%       N/A       1%          5
 Iskenderun's Battlesphe  Conj           79%        2d13      1%          5
 Passage of Golubria      Tloc           71%        N/A       2%          4
 Fireball                 Conj/Fire      39%        3d16      2%          5
 Plasma Beam              Fire/Air       45%        2x1d59    4%          6
 Orb of Destruction       Conj           39%        9d11      7%          7
 Starburst                Conj/Fire      39%        6d11      16%         6
 Dispersal                Tloc           35%        N/A       32%         6
 Lehudib's Crystal Spear  Conj/Erth      37%        10d9      73%         8
 Chain Lightning          Conj/Air       43%        3d58      91%         9
 Ignition                 Fire           25%        3d8       100%        8
 Fire Storm               Conj/Fire      39%        8d10      100%        9
 Shatter                  Erth           34%        3d27*     100%        9
 Slow                     Hex            Unusable   N/A       N/A         1
 Dazzling Flash           Conj/Hex       Unusable   N/A       N/A         3
 Summon Lightning Spire   Summ/Air       Unusable   N/A       N/A         4
 Freezing Cloud           Conj/Ice/Air   Unusable   6-21      N/A         5
 Silence                  Hex/Air        Unusable   N/A       N/A         5
 Animate Armour           Summ/Erth      Unusable   N/A       N/A         4
 Martyr's Knell           Necr/Summ      Unusable   N/A       N/A         4
 Yara's Violent Unravell  Hex/Alch       Unusable   3d13      N/A         5
 Confusing Touch          Hex            Unusable   N/A       N/A         3
 Sigil of Binding         Hex            Unusable   N/A       N/A         3
 Tukima's Dance           Hex            Unusable   N/A       N/A         3
 Summon Forest            Summ/Tloc      Unusable   N/A       N/A         5
 Ozocubu's Refrigeration  Ice            Unusable   4d11      N/A         7
 Summon Hydra             Summ           Unusable   N/A       N/A         7
 Discord                  Hex            Unusable   N/A       N/A         8

Dungeon Overview and Level Annotations

Branches:
Dungeon (15/15)            Temple (1/1) D:5            Lair (5/5) D:9
  Swamp (4/4) Lair:3       Spider (4/4) Lair:2        Slime (5/5) Lair:5
    Orc (2/2) D:11            Elf (3/3) Orc:2        Vaults (4/5) D:13
  Crypt (0/3) Vaults:2     Depths (4/4) D:15            Zot (5/5) Depths:4
  Sewer (visited)           IceCv (visited)         Desolation (visited)

Altars:
Ashenzari
Cheibriados
Dithmenos
Gozag
Kikubaaqudgha
Makhleb
Nemelex Xobeh
Okawaru
Qazlal
Ru
Sif Muna
Trog
Uskayaw
Vehumet
Wu Jian
Xom

Shops:
D:11 :   D:14 ?   Orc:2 *[:=   Elf:3 *[*(*!*   Vaults:1 [[*(*   Vaults:2 (
Depths:1 *   Depths:2 *

Portals:
Hell: Depths:1 Depths:2 Depths:3 Depths:4
Abyss: Depths:3
Pandemonium: Depths:1 Depths:2 Depths:4
Ziggurat: Depths:4
Trove: Elf:1 (give 2 scrolls of acquirement)

Annotations:
Elf:2 3 runed translucent doors
Vaults:4 3 runed translucent doors
Depths:3 2 runed translucent doors, 1 exclusion


Innate Abilities, Weirdness & Mutations

You are immune to poison.
Your flesh is cold resistant. (rC+)
You are immune to negative energy. (rN+++)
You are immune to unholy pain and torment.
You are vulnerable to heat. (rF-)
You cannot study or use magical devices.
You are hated by all.
You cannot study or cast Hexes magic.
You cannot study or cast Ice magic.
You cannot study or cast Summoning magic.
You are inexperienced. (-2 XL)
You are strongly in touch with the powers of death.
You do not drink.
You have a special connection with the divine. (Faith)


Message History

There is a stone staircase leading down here.
There is an open door here.
Things that are here:
a +0 sling; a +0 mace; an orc skeleton
Things that are here:
a +0 leather armour; a +0 hand axe; an orc skeleton A hellwing comes into view.
The hellwing moves out of view.
There is a stone staircase leading up here.
You fly upwards.
There is a stone staircase leading down here.
There is an open door here.
There is an open door here.
There is a stone staircase leading up here.
You fly upwards.
There is a stone staircase leading down here.
Casting: Passwall (safe; 1% risk of failure)
Confirm with . or Enter, or press ? or * to list all spells.
Aiming: Passwall (safe; 1% risk of failure)
Press: ? - help, Dir - move target A rock wall.
This square is covered in magical glow.
You begin to meditate on the wall.
You continue meditating on the rock. x2
You finish merging with the rock.
Unknown command.
You fly upwards.
There is a stone staircase leading down here.
Casting: Passwall (safe; 1% risk of failure)
Confirm with . or Enter, or press ? or * to list all spells.
Aiming: Passwall (safe; 1% risk of failure)
Press: ? - help, Dir - move target A rock wall.
This square is covered in magical glow.
You begin to meditate on the wall.
You continue meditating on the rock. x2
You finish merging with the rock.
Unknown command.
The Brimstone Fiend roars!
The Brimstone Fiend gestures at you.
The sphere of damnation explodes!
The damnation engulfs you!!
You have escaped!

#..#.#
#.#########...#
#..#.#
#.............#
#..#.#
#.#########..##
#..#.# #............#
#..#.#########..##..#
#..#.........#..##..#
##'#########.#..##..#
#1##### #.#..##..#
#....@#####.#..##..#
#>#####..##.#..##..#
####........#.......#
#..###.##.##.#.#.##.#
#..##...#.....#.....#
#............#.#.####
#.###...####.#.#.#
###
#.####.#####.#.#.#
..#
#............#.#.#


You could see a Brimstone Fiend.

Vanquished Creatures
  the Royal Jelly (Slime:5)
  8 orbs of fire
  Mara (Spider:4)
  A juggernaut (Depths:4)
  Josephina (Depths:4)
  5 Killer Klowns (Zot:5)
  Bai Suzhen (Vaults:3)
  Vv (Zot:4)
  4 caustic shrikes (Depths:2)
  4 curse toes
  15 golden dragons
  A profane servitor (Zot:1)
  4 electric golems
  Mlioglotl (Swamp:2)
  Jorgrun (D:15)
  18 tentacled monstrosities
  Rupert (D:15)
  4 liches
  23 Orb Guardians (Zot:5)
  2 deep elf blademasters (Elf:3)
  9 quicksilver dragons
  A deep elf master archer (Elf:3)
  A walking divine tome (Depths:4)
  7 death cobs
  A tentacled starspawn (Zot:4)
  18 acid blobs
  3 sphinxes
  Frances (D:13)
  Gastronok (Lair:2)
  11 shadow dragons
  2 thorn hunters
  12 storm dragons
  Kirke (D:15)
  4 tengu reavers
  7 draconian monks
  Donald (Spider:3)
  A protean progenitor (Zot:3)
  2 fenstrider witches
  5 draconian knights
  3 frost giants
  4 fire giants
  15 rockslimes
  10 azure jellies
  10 deep elf sorcerers (Elf:3)
  7 draconian shifters
  7 emperor scorpions
  2 deep elf elementalists (Elf:3)
  12 vault wardens
  2 balrugs
  11 draconian scorchers
  8 ghost moths
  9 draconian stormcallers
  An orc warlord (Orc:2)
  5 quicksilver oozes
  15 very ugly things
  20 ironbound preservers
  10 formless jellyfish
  10 ironbound thunderhulks
  13 draconian annihilators
  3 spriggan defenders
  12 stone giants
  20 green draconians
  Nessos (D:13)
  8 deep elf demonologists (Elf:3)
  6 eleionomae
  3 deep elf death magi
  A lorocyproca (Zot:4)
  10 white draconians
  2 vampire knights
  7 spark wasps
  13 yellow draconians
  13 black draconians
  16 red draconians
  6 dire elephants
  12 purple draconians
  7 bunyips
  6 deep elf annihilators (Elf:3)
  The ghost of Syrim the Martial Artist, a journeyman DsSh of Trog (Lair:4)
  6 ettins
  A crystal guardian (Vaults:1)
  14 fire dragons
  5 entropy weavers
  A ragged hierophant (Desolation)
  4 deep elf high priests
  4 rakshasas
  9 great orbs of eyes
  9 yaktaur captains
  A servant of whispers (Desolation)
  6 ice dragons
  4 jorogumos
  Harold (Lair:1)
  7 spriggan air magi
  A catoblepas (Lair:4)
  2 ogre magi (D:15)
  3 ghost crabs
  8 ironbound frosthearts
  21 hydras
  A peacekeeper (Vaults:1)
  21 vault guards
  3 alligators
  2 death knights (Vaults:2)
  7 boulder beetles
  2 radroaches
  13 two-headed ogres
  3 tengu warriors
  12 centaur warriors
  10 dancing weapons
  8 deep troll earth magi
  2 hell hogs (Depths:1)
  14 death yaks
  5 deep troll shamans
  A vampire mage (Depths:3)
  3 spriggan berserkers
  5 demonic crawlers
  5 orc high priests
  3 sun demons
  Amaemon (Lair:2)
  Sonja (D:10)
  The ghost of roomforsquares the Grappler, a novice TrFi of Wu Jian (D:9)
  20 deep elf knights
  6 iron trolls
  3 pharaoh ants
  6 spriggan druids
  50 deep trolls
  5 goliath frogs
  3 flayed ghosts
  3 sun moths
  A glowing orange brain (Depths:3)
  4 orb spiders
  A death drake (Zot:3)
  10 swamp dragons
  7 arcanists
  10 bog bodies
  5 steelbarb worms
  2 phantasmal warriors
  20 deep elf zephyrmancers
  11 lindwurms
  5 necromancers
  7 orc knights
  10 deep elf archers
  9 harpies
  17 ironbound convokers
  4 orc sorcerers
  25 deep elf pyromancers
  A stone giant zombie (Vaults:2)
  25 wolf spiders
  2 will-o-the-wisps
  42 ugly things
  A manticore (D:15)
  2 shining eyes (Slime:4)
  4 cyclopes
  7 meliai
  4 elephants
  6 kobold blastminers
  27 moths of wrath
  3 stone giant skeletons (Depths:1)
  An orange demon (Lair:2)
  6 black mambas
  11 vault sentinels
  2 eyes of devastation
  6 torpor snails
  A gargoyle (D:13)
  13 cane toads
  4 unseen horrors
  2 ice statues (IceCv)
  Maggie (Lair:1)
  2 kobold demonologists (D:11)
  2 anaconda simulacra (IceCv)
  The ghost of Dega the Fighter, a novice VSFi (D:5)
  5 rime drakes
  2 freezing wraiths
  An efreet (D:14)
  13 komodo dragons
  17 yaktaurs
  6 ice devils (IceCv)
  3 tengu conjurers
  A yaktaur skeleton (Vaults:2)
  7 trolls
  3 polar bears
  A merfolk (Bazaar)
  7 tyrant leeches
  4 glass eyes
  16 hornets
  A bloated husk (Swamp:1)
  19 blink frogs
  2 shadow dragon simulacra (Depths:4)
  34 tarantellas
  A wind drake (shapeshifter) (Elf:3)
  4 saltlings (Desolation)
  An elf zombie (Vaults:2)
  A dream sheep (Lair:5)
  Sigmund (D:5)
  48 jumping spiders
  29 culicivoras
  An air elemental (Elf:2)
  71 yaks
  3 water elementals
  3 shadows
  A ynoxinul (Depths:1)
  101 slime creatures
  22 spriggans
  6 wraiths
  3 vampires
  A warg (shapeshifter) (D:15)
  5 dire elephant simulacra (IceCv)
  2 wyverns (Lair:4)
  4 humans
  4 wargs
  A catoblepas simulacrum (Lair:4)
  4 golden eyes
  2 fire elementals (Elf:2)
  59 redbacks
  8 vampire mosquitoes
  3 basilisks
  A death yak simulacrum (IceCv)
  2 harpy simulacra (IceCv)
  13 swamp worms
  A naga (Bazaar)
  2 hydra simulacra
  A swamp worm (shapeshifter) (Depths:1)
  17 water moccasins
  23 orc warriors
  6 black bears
  2 sky beasts
  7 swamp drakes
  4 laughing skulls (D:15)
  A black bear (shapeshifter) (D:13)
  3 black mamba simulacra (Lair:4)
  32 wolves
  18 ogres
  4 boggarts (Lair:5)
  6 centaurs
  A phantom (D:7)
  3 kobold brigands
  3 gnoll sergeants
  8 bullfrogs
  3 earth elementals
  6 scorpions
  A two-headed ogre simulacrum (IceCv)
  8 wights
  14 killer bees
  3 bombardier beetles
  19 orc priests
  2 komodo dragon simulacra (Lair:4)
  4 jellies
  4 hounds
  Crazy Yiuf (D:7)
  3 sleepcaps
  A gnoll bouda (D:7)
  3 iguanas
  16 orc wizards
  3 spriggan simulacra
  Robin (D:2)
  19 gnolls
  12 adders
  A river rat (Sewer)
  12 white imps
  4 ufetubi (D:6)
  2 dart slugs
  3 ribbon worms
  61 orcs
  9 ball pythons
  9 endoplasms
  3 giant cockroaches
  13 goblins
  12 hobgoblins
  2 jackals
  3 quokkas
  3 bats
  11 kobolds
  8 rats
2124 creatures vanquished.

Vanquished Creatures (collateral kills)
  Roxanne (Spider:4)
  2 slime creatures (D:15)
  2 white imps (Lair:2)
  3 ball lightnings
8 creatures vanquished.

Vanquished Creatures (others)
  An Orb Guardian (Zot:4)
  An orc warlord (Vaults:3)
  A deep elf elementalist (Elf:3)
  A deep elf sorcerer (Vaults:1)
  A deep elf annihilator (Elf:3)
  An alligator (Swamp:1)
  A deep troll shaman (D:15)
  A pharaoh ant (Spider:1)
  A deep troll (Vaults:4)
  A bog body (Swamp:1)
  A deep elf archer (Elf:2)
  2 deep elf zephyrmancers (Elf:1)
  A deep elf pyromancer (D:14)
  A rime drake (Lair:4)
  A shadow dragon simulacrum (Depths:4)
  3 yaks
  2 humans (D:15)
  An orc (Orc:1)
  261 ball lightnings
  2 foxfires (Swamp:1)
  33 fulminant prisms
318 creatures vanquished.

Grand Total: 2450 creatures vanquished

Notes
Turn   | Place    | Note
-------+----------+-------------------------------------------
     0 | D:1      | mightyno9 the Mummy Air Elementalist began the quest for
                  | the Orb.
     0 | D:1      | Reached XP level 1. HP: 13/13 MP: 4/4
   186 | D:1      | You fall into a shaft and drop 1 floor!
   513 | D:2      | Reached skill level 3 in Spellcasting
   566 | D:2      | Reached XP level 2. HP: 13/19 MP: 0/6
   863 | D:2      | Noticed Robin
   933 | D:2      | Killed Robin
   934 | D:2      | Reached XP level 3. HP: 24/24 MP: 0/8
  1033 | D:2      | Learned a level 2 spell: Static Discharge
  1037 | D:2      | Learned a level 3 spell: Swiftness
  1546 | D:1      | Reached skill level 4 in Spellcasting
  2624 | D:2      | Reached XP level 4. HP: 24/30 MP: 5/10
  2629 | D:2      | Learned a level 4 spell: Airstrike
  3720 | D:3      | Reached XP level 5. HP: 18/35 MP: 1/12
  3722 | D:3      | Reached skill level 5 in Spellcasting
  5306 | D:3      | Reached XP level 6. HP: 41/41 MP: 11/14
  5957 | D:3      | Reached skill level 6 in Spellcasting
  6660 | D:4      | Found a glowing drain.
  6669 | Sewer    | Entered a sewer
  7085 | D:4      | Reached skill level 5 in Air Magic
  7085 | D:4      | Reached XP level 7. HP: 46/46 MP: 17/17
  7325 | D:4      | Reached skill level 7 in Spellcasting
  7583 | D:4      | Found a stormy altar of Qazlal.
  7599 | D:4      | Found an opulent altar of Gozag.
  8253 | D:5      | Entered Level 5 of the Dungeon
  8310 | D:5      | Noticed Sigmund
  8698 | D:5      | Noticed Dega's ghost (novice VSFi)
  8700 | D:5      | Found a transporter.
  8701 | D:5      | Identified the +4 dire flail of Kamero Unuq {spect, rElec
                  | rC+ Int+2 Dex+2}
  8702 | D:5      | Found a transporter.
  8966 | D:5      | Found a shimmering blue altar of Sif Muna.
  9166 | D:5      | Reached skill level 8 in Spellcasting
  9403 | D:5      | Reached skill level 1 in Fighting
  9403 | D:5      | Reached XP level 8. HP: 31/54 MP: 11/20
  9591 | D:5      | Found a sacrificial altar of Ru.
 10200 | D:5      | Killed Sigmund
 10201 | D:5      | Found a staircase to the Ecumenical Temple.
 10210 | Temple   | Entered the Ecumenical Temple
 10315 | D:5      | Became a worshipper of Ru the Awakened
 11382 | D:6      | Found a hide-covered altar of Uskayaw.
 12457 | D:7      | Reached XP level 9. HP: 64/65 MP: 10/21
 12559 | D:7      | Gained mutation: You cannot study or cast Ice magic. [Ru
                  | sacrifice]
 12559 | D:7      | Gained mutation: You cannot study or cast Hexes magic. [Ru
                  | sacrifice]
 12559 | D:7      | Gained mutation: You cannot study or cast Summoning magic.
                  | [Ru sacrifice]
 12559 | D:7      | Reached * piety under Ru
 13093 | D:7      | Found a blossoming altar of Fedhas.
 13268 | D:7      | Reached skill level 9 in Spellcasting
 13540 | D:7      | Found a runed translucent door.
 13541 | D:7      | Noticed Crazy Yiuf
 13547 | D:7      | Killed Crazy Yiuf
 13679 | D:7      | Reached skill level 5 in Fighting
 13679 | D:7      | Reached skill level 1 in Throwing
 13809 | D:8      | Upgraded the game from 0.31-a0-1616-gbeaec30 to
                  | 0.31-a0-1620-gcbf77bb
 13847 | D:8      | Found a sparkling altar of Nemelex Xobeh.
 14075 | D:8      | Reached skill level 1 in Conjurations
 14161 | D:8      | Found a radiant altar of Vehumet.
 14243 | D:8      | Learned a level 4 spell: Fulminant Prism
 14321 | D:8      | Noticed a troll
 14330 | D:8      | Killed a troll
 14494 | D:8      | Gained mutation: You are somewhat inexperienced. (-1 XL)
                  | [Ru sacrifice]
 14494 | D:8      | Reached XP level 8. HP: 65/65 MP: 21/21
 14494 | D:8      | Reached ** piety under Ru
 14713 | D:8      | Identified the +6 falchion "Xamo" {freeze, rN++ rCorr}
 15112 | D:9      | Reached XP level 9. HP: 65/71 MP: 6/22
 15864 | D:9      | Reached skill level 1 in Alchemy
 16101 | D:9      | Found a staircase to the Lair.
 16279 | D:9      | Found an ancient bone altar of Kikubaaqudgha.
 16404 | D:9      | Found a runed translucent gate.
 16404 | D:9      | Found a runed translucent gate.
 16404 | D:9      | Found a runed translucent gate.
 16506 | D:9      | Identified the +5 long sword "Hell-Harrower" {drain, rF+}
 16539 | D:9      | Noticed roomforsquares's ghost (novice TrFi)
 16963 | D:10     | Entered Level 10 of the Dungeon
 17084 | D:10     | Gained mutation: You cannot study or use magical devices.
                  | [Ru sacrifice]
 17084 | D:10     | Reached *** piety under Ru
 17084 | D:10     | Reached **** piety under Ru
 17084 | D:10     | Reached ***** piety under Ru
 17176 | D:10     | Noticed a two-headed ogre
 17178 | D:10     | Killed a two-headed ogre
 17386 | D:10     | Found a broken altar of Ashenzari.
 17582 | D:10     | Noticed Sonja
 17597 | D:10     | Killed Sonja
 17598 | D:10     | Reached skill level 10 in Spellcasting
 17598 | D:10     | Reached skill level 5 in Conjurations
 17976 | D:10     | Identified the maw talisman "Fagite" {rPois rC+ MP-9}
 18013 | D:11     | Found Hique's Book Shoppe.
 18014 | D:11     | Noticed a white ugly thing
 18020 | D:11     | Killed a white ugly thing
 18021 | D:11     | Reached XP level 10. HP: 80/80 MP: 9/24
 18138 | D:11     | Bought the Quarto of Trauma and Inhalation for 504 gold
                  | pieces
 18143 | D:11     | Learned a level 3 spell: Mephitic Cloud
 18149 | D:11     | Learned a level 5 spell: Irradiate
 18752 | D:11     | Noticed a boulder beetle
 18932 | D:11     | Reached skill level 11 in Spellcasting
 19098 | D:11     | Noticed a two-headed ogre
 19104 | D:11     | Killed a two-headed ogre
 19618 | D:11     | Killed a boulder beetle
 19619 | D:11     | Reached skill level 12 in Spellcasting
 20056 | D:11     | Found a staircase to the Orcish Mines.
 20327 | Lair:1   | Entered Level 1 of the Lair of Beasts
 20428 | Lair:1   | Reached skill level 5 in Alchemy
 20432 | Lair:1   | Noticed Harold
 20700 | Lair:1   | Killed Harold
 20965 | Lair:1   | Reached XP level 11. HP: 85/87 MP: 25/27
 21178 | Lair:1   | Noticed Maggie
 21186 | Lair:1   | Killed Maggie
 21532 | Lair:1   | Noticed a death yak
 21575 | Lair:1   | Killed a death yak
 22404 | Lair:2   | Reached skill level 1 in Armour
 22405 | Lair:2   | Found a frozen archway.
 22421 | Lair:2   | Noticed Amaemon
 22427 | Lair:2   | Killed Amaemon
 22458 | IceCv    | Entered an ice cave
 23575 | IceCv    | Reached skill level 13 in Spellcasting
 24057 | Lair:2   | Upgraded the game from 0.31-a0-1620-gcbf77bb to
                  | 0.31-a0-1628-gdde2bdd
 24276 | Lair:2   | Noticed Gastronok
 24459 | Lair:2   | Killed Gastronok
 24460 | Lair:2   | Reached XP level 12. HP: 95/95 MP: 13/29
 24587 | Lair:2   | Learned a level 6 spell: Eringya's Noxious Bog
 24742 | Lair:2   | Reached skill level 14 in Spellcasting
 24963 | Lair:2   | Found a hole to the Spider Nest.
 25013 | Lair:2   | Reached skill level 1 in Shields
 26065 | Lair:3   | Reached skill level 10 in Alchemy
 26324 | Lair:3   | Found a staircase to the Swamp.
 27029 | Lair:4   | Reached skill level 10 in Fighting
 27568 | Lair:4   | Found a runed translucent gate.
 27569 | Lair:4   | Found a runed translucent gate.
 27712 | Lair:4   | Noticed Syrim's ghost (journeyman DsSh)
 27738 | Lair:4   | Found a runed translucent gate.
 28227 | Lair:5   | Entered Level 5 of the Lair of Beasts
 28227 | Lair:5   | Found a viscous altar of Jiyva.
 28227 | Lair:5   | Found a staircase to the Slime Pits.
 28421 | Lair:5   | Gained mutation: You are strongly in touch with the powers
                  | of death. [Mummy growth]
 28421 | Lair:5   | Reached XP level 13. HP: 80/105 MP: 31/31
 28838 | Lair:5   | Found a hazy altar of Hepliaklqana.
 30286 | Lair:5   | Reached skill level 15 in Spellcasting
 31102 | Lair:5   | Identified the staff "Huzahupn" {rElec rF+ Str+6 Stlth-
                  | Tloc Fire}
 31481 | Lair:5   | Found a hazy altar of Hepliaklqana.
 31666 | Lair:5   | Found a viscous altar of Jiyva.
 31667 | Lair:5   | Found a staircase to the Slime Pits.
 32284 | Orc:1    | Entered Level 1 of the Orcish Mines
 32566 | Orc:1    | Learned a level 4 spell: Iskenderun's Mystic Blast
 32567 | Orc:2    | Entered Level 2 of the Orcish Mines
 32689 | Orc:2    | Found a flickering gateway to a bazaar.
 32726 | Bazaar   | Entered a bazaar
 32726 | Bazaar   | Found Ukay's Armour Boutique.
 32726 | Bazaar   | Found Tiofoq's Assorted Antiques.
 32726 | Bazaar   | Found Cuih's Book Shop.
 32726 | Bazaar   | Found Zonoos's Antique Armour Shoppe.
 32739 | Bazaar   | Found Viovon's Jewellery Shop.
 32739 | Bazaar   | Found Tesab's Distillery.
 32767 | Bazaar   | Bought the ring "Vulexzie" {rC++ Will+ EV+5} for 661 gold
                  | pieces
 32858 | Orc:2    | Found Fexof's General Store.
 32858 | Orc:2    | Noticed an orc warlord
 32881 | Orc:2    | Killed an orc warlord
 33135 | Orc:1    | Reached XP level 14. HP: 85/115 MP: 16/33
 33279 | Orc:2    | Found Dooseg's Antique Armour Boutique.
 33484 | Orc:2    | Found Ycoiwyaw's Book Boutique.
 33698 | Orc:2    | Reached skill level 5 in Shields
 33780 | Orc:2    | Found Wepo Iru's Jewellery Emporium.
 33888 | Orc:2    | Found Zasa's Antique Weapon Shop.
 34089 | Orc:2    | Found a staircase to the Elven Halls.
 34708 | Orc:2    | Bought the amulet "Qaing" {Reflect ^Drain rF+ SH+5 SInv}
                  | for 511 gold pieces
 35871 | D:13     | Noticed Nessos
 35875 | D:13     | Killed Nessos
 36046 | D:13     | Noticed Frances
 36054 | D:13     | Killed Frances
 36560 | D:13     | Found a gate to the Vaults.
 38244 | D:14     | Found Rub Owov's Magic Scroll Boutique.
 38603 | D:15     | Entered Level 15 of the Dungeon
 38610 | D:15     | Reached skill level 16 in Spellcasting
 39233 | D:15     | Noticed Kirke
 39250 | D:15     | Killed Kirke
 39798 | D:15     | Reached XP level 15. HP: 127/127 MP: 24/35
 39991 | D:15     | Reached skill level 17 in Spellcasting
 40032 | D:15     | Noticed Jorgrun
 40041 | D:15     | Killed Jorgrun
 40249 | D:15     | Noticed Rupert
 40264 | D:15     | Killed Rupert
 40625 | D:15     | Found a staircase to the Depths.
 40805 | Orc:2    | Bought an Everburning Encyclopedia for 532 gold pieces
 40811 | Orc:2    | Learned a level 4 spell: Ignite Poison
 40816 | Orc:2    | Learned a level 4 spell: Sticky Flame
 41002 | Spider:1 | Entered Level 1 of the Spider Nest
 41008 | Spider:1 | Reached skill level 15 in Fighting
 41334 | Spider:1 | Reached skill level 18 in Spellcasting
 41470 | Spider:1 | Reached skill level 1 in Translocations
 42100 | Spider:1 | Identified the +4 flail of Cataclysm {elec, Dex+2}
 43397 | Spider:2 | Identified the +2 scale mail of Pathos {^Drain +Inv rC++}
 44950 | Spider:2 | Reached XP level 16. HP: 100/136 MP: 19/38
 45140 | Spider:3 | Noticed Donald
 45145 | Spider:3 | Killed Donald
 45386 | Spider:3 | Learned a level 3 spell: Stone Arrow
 45594 | Spider:3 | Reached skill level 19 in Spellcasting
 46266 | Spider:3 | Identified the +0 robe of the Cobbler {Slay+2}
 46359 | Spider:4 | Entered Level 4 of the Spider Nest
 46714 | Spider:4 | Noticed Roxanne
 47161 | Spider:4 | Identified a scroll of acquirement
 47164 | Spider:4 | Acquired Great Wizards, Vol. II
 47173 | Spider:4 | Learned a level 5 spell: Borgnjor's Vile Clutch
 47270 | Spider:4 | Killed Roxanne
 47391 | Spider:4 | Noticed Mara
 47397 | Spider:4 | Reached skill level 1 in Earth Magic
 47530 | Spider:4 | Killed Mara
 47783 | Spider:4 | Reached skill level 10 in Shields
 48854 | Spider:4 | Got a gossamer rune of Zot
 49021 | Swamp:1  | Entered Level 1 of the Swamp
 49603 | Swamp:1  | Reached skill level 5 in Earth Magic
 50159 | Swamp:2  | Noticed Mlioglotl
 50540 | Swamp:2  | Killed Mlioglotl
 51078 | Swamp:2  | Reached XP level 17. HP: 140/141 MP: 20/40
 53863 | Swamp:4  | Entered Level 4 of the Swamp
 55871 | Swamp:4  | Got a decaying rune of Zot
 56772 | D:5      | Killed Dega's ghost
 56962 | D:9      | Killed roomforsquares's ghost
 57289 | Lair:4   | Killed Syrim's ghost
 57889 | Orc:2    | Bought the Unrestrained Analects for 616 gold pieces
 57895 | Orc:2    | Learned a level 4 spell: Olgreb's Toxic Radiance
 57914 | Elf:1    | Entered Level 1 of the Elven Halls
 57925 | Elf:1    | Reached skill level 1 in Necromancy
 58102 | Elf:1    | Found a crumbling gateway.
 58122 | Desolati | Entered the Desolation of Salt
 58300 | Elf:1    | Identified the +2 leather armour "Pauga" {*Corrode rC+++
                  | Str+3 Int-5}
 58369 | Elf:1    | Found an ancient bone altar of Kikubaaqudgha.
 59476 | Elf:1    | Found a portal to a secret trove of treasure.
 59640 | Elf:1    | Reached skill level 5 in Necromancy
 59942 | Elf:2    | Upgraded the game from 0.31-a0-1628-gdde2bdd to
                  | 0.32-a0-2-g0d8cb65
 60527 | Elf:2    | Reached XP level 18. HP: 149/149 MP: 26/41
 61284 | Elf:2    | Found a runed translucent gate.
 61285 | Elf:2    | Found a runed translucent gate.
 61290 | Elf:2    | Found a runed translucent gate.
 61739 | Elf:3    | Entered Level 3 of the Elven Halls
 62134 | Elf:3    | Found Moyryorust's Weapon Boutique.
 62142 | Elf:3    | Found Nufapp's Assorted Antiques.
 62146 | Elf:3    | Found Gassueh's Distillery.
 62613 | Elf:3    | Found Estutr Xyump's General Store.
 62772 | Elf:3    | Identified the +0 leather armour of the Vaults {Str+5}
 63061 | Elf:3    | Found Oklolaurph's Assorted Antiques.
 63321 | Elf:3    | Found Ephyeg's Antique Armour Emporium.
 63329 | Elf:3    | Found Acwyonaf's General Store.
 63475 | Elf:3    | Identified the +10 rapier "Zunom" {drain, rElec rC++ Int-3
                  | Dex+8}
 63719 | Elf:3    | Noticed a Tzitzimitl
 64157 | Elf:3    | Reached skill level 20 in Spellcasting
 64648 | Elf:3    | Identified the staff of the Horn {SInv Conj Air}
 64654 | Elf:3    | Reached skill level 15 in Shields
 64895 | Elf:3    | Found the +0 pair of fencer's gloves {Riposte Dex+3}
 64899 | Elf:3    | Got the Tome of Grit and Wounds
 64987 | Elf:3    | Identified the +0 pair of gloves of Ziomn {rElec rC+ Int+4}
 65398 | Spider:2 | Learned a level 5 spell: Lee's Rapid Deconstruction
 65406 | Spider:2 | Learned a level 6 spell: Bombard
 65587 | Vaults:1 | Entered Level 1 of the Vaults
 65933 | Vaults:1 | Found Qyurphynk's Antique Armour Shoppe.
 65981 | Vaults:1 | Found Agajuo's Antique Weapon Emporium.
 66995 | Vaults:1 | Reached XP level 19. HP: 155/155 MP: 34/43
 67239 | Vaults:1 | Reached skill level 5 in Armour
 67781 | Vaults:1 | Found Kothrami's Antique Armour Shop.
 67990 | Vaults:1 | Found Qudofraa's General Store.
 67991 | Vaults:1 | Found Wuhye's General Store.
 68743 | Vaults:2 | Reached skill level 10 in Conjurations
 68969 | Vaults:2 | Found a staircase to the Crypt.
 69143 | Vaults:2 | Upgraded the game from 0.32-a0-2-g0d8cb65 to
                  | 0.32-a0-4-g72778bb
 69446 | Vaults:2 | Found Dohos's Antique Weapon Shoppe.
 73004 | Vaults:3 | Noticed Bai Suzhen
 73962 | Vaults:2 | Gained mutation: You are hated by all. [Ru sacrifice]
 74122 | Vaults:3 | Reached XP level 20. HP: 156/162 MP: 27/44
 74457 | Vaults:3 | Killed Bai Suzhen
 75344 | Vaults:4 | Reached skill level 21 in Spellcasting
 75773 | Vaults:4 | Noticed a golden dragon
 75789 | Vaults:4 | Killed a golden dragon
 76161 | Vaults:4 | Found a runed translucent gate.
 76161 | Vaults:4 | Found a runed translucent gate.
 76161 | Vaults:4 | Found a runed translucent gate.
 77991 | Orc:2    | Bought a book of Spectacle for 672 gold pieces
 78002 | Orc:2    | Learned a level 8 spell: Maxwell's Capacitive Coupling
 78166 | Depths:1 | Entered Level 1 of the Depths
 78198 | D:15     | Gained mutation: You are inexperienced. (-2 XL) [Ru
                  | sacrifice]
 78198 | D:15     | Reached XP level 19. HP: 141/141 MP: 2/44
 78198 | D:15     | Reached ****** piety under Ru
 78361 | Depths:1 | Reached skill level 22 in Spellcasting
 79705 | Depths:1 | Found a one-way gate leading to the halls of Pandemonium.
 79739 | Depths:1 | Found Uhor's Elemental Accessories.
 80391 | Depths:1 | Found a gateway to Hell.
 81170 | Depths:2 | Noticed a caustic shrike
 81178 | Depths:2 | Noticed a caustic shrike
 81180 | Depths:2 | Noticed a caustic shrike
 81182 | Depths:2 | Killed a caustic shrike
 81183 | Depths:2 | Killed a caustic shrike
 81185 | Depths:2 | Killed a caustic shrike
 81187 | Depths:2 | Noticed a caustic shrike
 81208 | Depths:2 | Killed a caustic shrike
 81449 | Depths:2 | Learned a level 6 spell: Conjure Ball Lightning
 81593 | Depths:2 | Reached XP level 20. HP: 60/164 MP: 18/46
 81955 | Depths:2 | Identified the +3 mace "Vuff" {freeze, rCorr}
 82394 | Depths:2 | Found an opulent altar of Gozag.
 82498 | Depths:2 | Found Gozag's Platinum Reserve.
 83357 | Depths:3 | Reached skill level 10 in Air Magic
 84189 | Depths:3 | Found a one-way gate to the infinite horrors of the Abyss.
 84238 | Depths:3 | Found a runed translucent door.
 84241 | Depths:3 | Noticed a caustic shrike
 84241 | Depths:3 | Noticed a golden dragon
 84242 | Depths:3 | Found a runed translucent door.
 84606 | Depths:4 | Entered Level 4 of the Depths
 85507 | Depths:4 | Found a one-way gateway to a ziggurat.
 85835 | Depths:3 | Learned a level 3 spell: Passwall
 86324 | Depths:4 | Noticed a golden dragon
 86644 | Depths:4 | Killed a golden dragon
 87021 | Depths:4 | Identified the ring "Qaunuah" {Ice ^Drain Dex+2 SInv
                  | Stlth+}
 87021 | Depths:4 | Noticed Josephina
 87031 | Depths:4 | Killed Josephina
 87769 | Depths:4 | Noticed a juggernaut
 87793 | Depths:4 | Killed a juggernaut
 89568 | Depths:4 | Reached XP level 21. HP: 150/177 MP: 11/47
 89724 | Depths:4 | Found a gate to the Realm of Zot.
 90369 | Slime:1  | Entered Level 1 of the Pits of Slime
 91902 | Slime:4  | Reached skill level 15 in Air Magic
 92535 | Slime:5  | Entered Level 5 of the Pits of Slime
 92690 | Slime:5  | Noticed the Royal Jelly
 92696 | Slime:5  | Killed the Royal Jelly
 93720 | Slime:5  | Identified the scarf "Uxyl" {+Inv, ^Drain rC++ Stlth+}
 93741 | Slime:5  | Identified the +1 leather armour of Insatiable Hunger
                  | {rElec Regen+ rCorr Str+3}
 93785 | Slime:5  | Identified the +4 spear of Risk Management {flame, *Slow
                  | Int+6}
 93813 | Slime:5  | Found the +8 demon blade "Leech" {evervamp, Harm ^Drain
                  | rN+}
 93824 | Slime:5  | Identified the +8 whip of Incongruity {drain, Stlth+}
 93827 | Slime:5  | Got a slimy rune of Zot
 93828 | Slime:5  | Identified the ring "Xostronua" {rF++ rN+++ rCorr Str-4
                  | Dex-2}
 93871 | Slime:5  | Identified the +1 falchion of Epne {vamp, rN+}
 94321 | Elf:3    | Bought a scroll of enchant armour for 157 gold pieces
 94321 | Elf:3    | Bought a scroll of blinking for 157 gold pieces
 94746 | Zot:1    | Entered Level 1 of the Realm of Zot
 95658 | Zot:1    | Noticed an orb of fire
 95666 | Zot:1    | Killed an orb of fire
 95767 | Zot:1    | Noticed an orb of fire
 95773 | Zot:1    | Killed an orb of fire
 97924 | Zot:2    | Reached XP level 22. HP: 135/165 MP: 20/48
100037 | Zot:2    | Acquired a +1 helmet of intelligence
101502 | Zot:3    | Reached skill level 23 in Spellcasting
103290 | Zot:3    | Identified the +12 great sword of Joyful Slaughter {freeze,
                  | ^Fragile Will+ rCorr Dex+3}
103783 | Zot:3    | Identified the +1 buckler of Ymokh {-Cast Rampage Will-
                  | Str+8}
104026 | Zot:3    | Identified the +5 arbalest of Vaew {freeze, Str+4}
104109 | Zot:4    | Noticed Vv
104113 | Zot:4    | Killed Vv
104147 | Zot:5    | Entered Level 5 of the Realm of Zot
104567 | Zot:5    | Reached skill level 24 in Spellcasting
105055 | Zot:5    | Noticed an orb of fire
105055 | Zot:5    | Noticed a Killer Klown
105142 | Zot:4    | Reached XP level 23. HP: 170/196 MP: 13/51
106118 | Zot:5    | Noticed a Killer Klown
106125 | Zot:5    | Killed a Killer Klown
106222 | Zot:5    | Reached skill level 10 in Armour
106302 | Zot:5    | Noticed an orb of fire
106358 | Zot:5    | Killed a Killer Klown
106359 | Zot:5    | Reached skill level 5 in Dodging
106374 | Zot:5    | Noticed a Killer Klown
106378 | Zot:5    | Killed a Killer Klown
106411 | Zot:5    | Noticed an orb of fire
106423 | Zot:5    | Noticed a Killer Klown
106428 | Zot:5    | Killed a Killer Klown
106892 | Zot:5    | Noticed an orb of fire
106898 | Zot:5    | Killed an orb of fire
107056 | Zot:5    | Killed an orb of fire
107536 | Zot:5    | Noticed an orb of fire
107542 | Zot:5    | Killed an orb of fire
107544 | Zot:5    | Noticed an orb of fire
107552 | Zot:5    | Killed an orb of fire
107557 | Zot:5    | Killed an orb of fire
107928 | Zot:5    | Noticed a Killer Klown
107935 | Zot:5    | Killed a Killer Klown
108063 | Zot:5    | Killed an orb of fire
108464 | Zot:4    | Reached skill level 10 in Dodging
109947 | Zot:5    | Got the Orb of Zot
110173 | D:14     | Noticed Qimoucoh the pandemonium lord
110489 | D:$      | Escaped with the Orb!

Illustrated notes

Levels and vault maps discovered:
D:1:      amcnicky_arrival_choice, layout_loops_ring
D:2:      layout_basic, serial_glass, glass_columns_c, glass_columns_b,
          glass_columns_c, glass_columns_b, uniq_robin
D:3:      layout_loops_corners
D:4:      layout_basic, mainiacjoe_overflow_surrounded_room,
          kennysheep_mini_moat, portal_sewer_entry_d, chequers_big_river,
          st_stairs_9
D:5:      layout_loops_ring, kennysheep_mini,
          mainiacjoe_overflow_concentric_impassable,
          minmay_temple_entry_drinking_statues, serial_aquarium,
          aquarium_bridge_straight [aquarium_subvault_bridge,
          aquarium_subvault_wall, aquarium_subvault_bridge,
          aquarium_subvault_wall], aquarium_bridge_square
          [aquarium_subvault_bridge, aquarium_subvault_window,
          aquarium_subvault_window, aquarium_subvault_bridge],
          aquarium_window_fake, aquarium_window_fake, aquarium_window_2,
          aquarium_view_2c, aquarium_view_2d, aquarium_balcony_3b,
          gammafunk_ghost_smash, uniq_sigmund
D:6:      layout_loops_corners, nicolae_uskayaw_murder_on_the_dancefloor,
          grunt_decor_fettered, abandoned_shop, chequers_decorated_corner
D:7:      minmay_chambers_of_fours, layout_basic, mainiacjoe_overflow_chevrons,
          uniq_crazy_yiuf_cottage
D:8:      layout_basic, mainiacjoe_overflow_paths, nicolae_vehumet_altar_sigil
D:9:      layout_roguey, mainiacjoe_overflow_24_doors, gammafunk_ghost_spectres
D:10:     layout_roguey, nicolae_tso_swordbearing_angel,
          nicolae_ashenzari_skybound, uniq_sonja
D:11:     kennysheep_spiral_hall, layout_loops_ring, erik_orc_4, serial_shops,
          shop, grunt_ministairs_14
D:12:     layout_roguey
D:13:     layout_irregular_city, hellmonk_vaults_keyhole, uniq_nessos,
          uniq_frances
D:14:     layout_irregular_city, serial_shops, shop, serial_park_square1
          [serial_park_minivault_5x5_8]
D:15:     grunt_enter_depths_hoard, layout_irregular_city, uniq_kirke,
          uniq_jorgrun, uniq_rupert
Temple:   hellmonk_temple_of_storms
Lair:1:   layout_loops_ring, patterned_corridor, uniq_maggie, uniq_harold
Lair:2:   layout_regular_city, nicolae_spider_entry_non_spiders,
          portal_ice_cave_entry_imps, uniq_gastronok, uniq_amaemon
Lair:3:   layout_cave_pods, skrybe_swamp_entry_bodies,
          infiniplex_staircase_pool_2
Lair:4:   layout_big_grid, gammafunk_ghost_icy, serial_bayou_pond_b,
          beast_lair_carwin_6, lemuel_fruit_tree
Lair:5:   minmay_lair_end_enchanted_forest, layout_hall_layers,
          minmay_slime_entry_pillars, basic_altar
Swamp:1:  layout_basic_swamp, nicolae_swamp_bean_lake, swamp_pool_1_2
Swamp:2:  layout_basic_swamp, evilmike_swamp_ruin_house_2, swamp_pool_4,
          infiniplex_staircase_pool, uniq_mlioglotl
Swamp:3:  nicolae_swamp_standing_stones, layout_basic_swamp,
          hangedman_swamp_ruin_wall
Swamp:4:  swamp_alternative, layout_basic_swamp, swamp_pool_1_2
Spider:1: nicolae_spider_mines_1
Spider:2: layout_spider_delve
Spider:3: layout_chambers, uniq_donald
Spider:4: grunt_spider_rune_parallel, uniq_roxanne, uniq_mara
Slime:1:  layout_caves
Slime:2:  layout_caves
Slime:3:  layout_caves
Slime:4:  layout_caves, basic_altar
Slime:5:  slime_pit_nicolae_trefoil
Orc:1:    layout_diamond_mine
Orc:2:    grunt_orc_gardens, layout_caves, grunt_orc_garden, grunt_orc_garden,
          grunt_orc_garden, grunt_orc_garden, serial_shops, bzr_entry_safe,
          nicolae_shop_temple_entry_statues_fountains
Elf:1:    minmay_elf_arrival_summoners, layout_gridlike, enter_trove_5,
          portal_desolation_entry_garden, minmay_elf_crystal_heptagon,
          abandoned_shop, david_defended_altar_elf, grunt_megastairs_3
Elf:2:    nicolae_elf_blades_splatter_lattice
          [nicolae_vaults_blade_armed_guards], layout_loops_ring
Elf:3:    minmay_elf_hall_x, layout_loops_ring, serial_shops, shop,
          nicolae_lakefront_shop, nicolae_shop_pleasant_corner_grove, shop,
          shop, minmay_shoptagon
Vaults:1: nicolae_vaults_ellipses_ellipsis, nicolae_vaults_apartment_1,
          dpeg_vaults_hating_casters, serial_library_hellmonk_semicircle,
          nicolae_vaults_heist, hangedman_vaults_impose,
          nicolae_vaults_what_the_h, hangedman_vaults_stagger,
          hangedman_vaults_snaps, nicolae_vaults_lightning_bolt,
          v_alt_pattern_5, nicolae_vaults_trapezoid_lopsided_1,
          nicolae_vaults_little_ls, nicolae_vaults_diamond_1,
          layout_vaults_big_cross, serial_shops, shop, nicolae_shop_waterfront,
          shop, nicolae_shop_tiny_real_fake_doors, shop
Vaults:2: blue_anna_dwarven_crypt, v_misc_22, nicolae_vaults_storage_closets_3,
          nicolae_vaults_storage_closets_2, nicolae_vaults_weapon_check,
          vaults_room_hallway, vaults_room_pool, layout_vaults_quadrants,
          serial_shops, nicolae_shop_stone
Vaults:3: nicolae_vaults_big_angled_halls, nicolae_vaults_tetromino_Z_2,
          nicolae_vaults_more_shelving_2, hangedman_vaults_locks,
          ontoclasm_vaults_loading_screen, ontoclasm_vaults_hangar,
          vaults_mumra_minichess_inversion, nicolae_vaults_wine_cellar,
          nicolae_vaults_mitosis, nicolae_vaults_big_ls,
          vaults_dpeg_emergency_exit, layout_vaults_ring, uniq_bai_suzhen
Vaults:4: grunt_vaults_hallway_short, nicolae_vaults_spaceships,
          nicolae_vaults_alarming, nicolae_vaults_octothorpe, v_pattern_1,
          wander_protected_by_tso, v_misc_4, vaults_room_door_hall,
          nicolae_vaults_little_squares_5, nicolae_vaults_diamond_2,
          nicolae_vaults_little_squares_1, nicolae_vaults_tetromino_T_1,
          nicolae_vaults_more_shelving_1, nicolae_vaults_trapezoid_lopsided_1,
          v_misc_16, nicolae_vaults_tetromino_L_2, layout_vaults_maze,
          uniq_margery
Depths:1: layout_long_grid, grunt_pan_entry_zigzag,
          chequers_serial_rivers_small_3, hellmouth_1, nicolae_elemental_shop,
          nicolae_the_louvre
Depths:2: tekkud_shrikecote, layout_basic, pan_entry,
          nicolae_gozag_zags_fifth_avenue, lightli_too_deep
Depths:3: minmay_expanding_circles, layout_cave_pools,
          hangedman_abyss_entry_splay, hell_entry, infiniplex_staircase_diamond,
          firewood_loft
Depths:4: grunt_runaround [grunt_runaround_zot, grunt_runaround_doors_1,
          grunt_runaround_doors_2, grunt_runaround_doors_3,
          grunt_runaround_doors_4], hell_entry, pan_entry, serial_shops,
          uniq_josephina
Zot:1:    layout_misc_corridors
Zot:2:    layout_cathedral_of_symmetry, hangedman_zot_decor_slant,
          hangedman_zot_wheel_spokes
Zot:3:    layout_cathedral_of_symmetry, st_single_dragon_hoard_1, st_stairs_8,
          hangedman_swamp_dais
Zot:4:    hangedman_orp_of_zott, layout_misc_corridors, uniq_vv
Zot:5:    layout_onion, skrybe_zot_glass_1

Skill      XL: |  1  2  3  4  5  6  7  8  9 10 11 12 13 14 15 16 17 18 19 20 21 22 23 |
---------------+----------------------------------------------------------------------+-----
Spellcasting   | 3 4 5 6 8 10 12 13 14 15 16 18 19 20 22 21 24 | 24.0
Air Magic      | 3 4 5 6 7 8 9 14 17 18 | 18.0
Fighting       | 1 4 8 9 10 12 14 15 17 18 20 | 20.0
Stealth        | 2 4 |  4.0
Throwing       | 2 4 |  4.0
Conjurations   | 3 5 8 11 12 | 12.0
Alchemy        | 4 5 8 11 12 | 12.0
Armour         | 2 4 8 9 10 | 10.0
Shields        | 2 4 6 8 11 13 15 | 15.0
Translocations | 4 |  4.0
Earth Magic    | 5 8 |  8.0
Necromancy     | 5 8 |  8.0
Dodging        | 2 11 | 11.5

Action                     |  1- 3 |  4- 6 |  7- 9 | 10-12 | 13-15 | 16-18 | 19-21 | 22-24 || total
---------------------------+-------+-------+-------+-------+-------+-------+-------+-------++-------
  Melee: Whip              |     2 |       |       |       |       |       |       |       ||     2
         Flail             |     8 |     4 |       |       |       |       |       |       ||    12
         War axe           |       |     5 |       |       |       |       |       |       ||     5
         Dagger            |       |     1 |     1 |       |       |       |       |       ||     2
         Falchion          |       |       |     3 |       |       |       |       |       ||     3
         Long sword        |       |       |       |   111 |    43 |       |       |       ||   154
         Punch             |       |       |       |     2 |     1 |       |       |       ||     3
         Staff             |       |       |       |       |    70 |    74 |   192 |    46 ||   382
  Throw: Dart              |       |     8 |    17 |    15 |     2 |     4 |     2 |       ||    48
         Javelin           |       |       |       |     4 |       |       |       |       ||     4
         Throwing net      |       |       |       |     3 |     1 |     2 |       |       ||     6
   Cast: Shock             |    87 |    91 |   116 |    32 |       |       |       |       ||   326
         Static Discharge  |     4 |    24 |    64 |    14 |       |       |       |       ||   106
         Airstrike         |       |     1 |   117 |   196 |   217 |   113 |     8 |       ||   652
         Swiftness         |       |       |     3 |       |       |       |       |       ||     3
         Irradiate         |       |       |       |    51 |    88 |   128 |   127 |    41 ||   435
         Mephitic Cloud    |       |       |       |    13 |     2 |     1 |       |       ||    16
         Fulminant Prism   |       |       |       |    30 |     3 |       |       |       ||    33
         Eringya's Noxious |       |       |       |    31 |   149 |    94 |    76 |       ||   350
         Iskenderun's Myst |       |       |       |       |     5 |       |       |       ||     5
         Ignite Poison     |       |       |       |       |    10 |    63 |    40 |     8 ||   121
         Borgnjor's Vile C |       |       |       |       |       |   138 |   247 |    89 ||   474
         Stone Arrow       |       |       |       |       |       |   129 |    24 |     2 ||   155
         Olgreb's Toxic Ra |       |       |       |       |       |    76 |    53 |    18 ||   147
         Bombard           |       |       |       |       |       |     8 |   295 |    72 ||   375
         Lee's Rapid Decon |       |       |       |       |       |     3 |    10 |       ||    13
         Conjure Ball Ligh |       |       |       |       |       |       |    95 |       ||    95
         Maxwell's Capacit |       |       |       |       |       |       |    20 |   129 ||   149
         Passwall          |       |       |       |       |       |       |       |     5 ||     5
 Invoke: Sacrifice Experie |       |       |     1 |       |       |       |     1 |       ||     2
         Apocalypse        |       |       |     1 |     2 |     1 |     2 |    12 |     4 ||    22
         Sacrifice Artific |       |       |     1 |       |       |       |       |       ||     1
         Sacrifice Arcana  |       |       |     1 |       |       |       |       |       ||     1
         Draw Out Power    |       |       |       |     4 |     3 |     3 |     3 |     1 ||    14
         Reject Sacrifices |       |       |       |     3 |     2 |     1 |       |       ||     6
         Power Leap        |       |       |       |       |     2 |     2 |       |       ||     4
         Sacrifice Love    |       |       |       |       |       |       |     1 |       ||     1
  Evoke: Wand              |       |       |     7 |       |       |       |       |       ||     7
    Use: Scroll            |     1 |     3 |     7 |     8 |     2 |     9 |    19 |     9 ||    58
   Stab: Confused          |       |       |       |     3 |       |       |       |       ||     3
         Invisible         |       |       |       |     2 |       |     3 |       |       ||     5
         Sleeping          |       |       |       |     1 |     1 |       |       |       ||     2
         Paralysed         |       |       |       |       |       |       |     3 |       ||     3
 Armour: Robe              |    32 |    39 |   138 |       |       |       |       |       ||   209
         Troll leather arm |       |       |       |   185 |   179 |   309 |       |       ||   673
         Ring mail         |       |       |       |       |       |    12 |   767 |   286 ||  1065
  Dodge: Dodged            |    22 |    22 |    79 |    99 |   176 |   177 |   196 |    90 ||   861
         Repelled          |       |       |     2 |    11 |     5 |    14 |    10 |       ||    42
  Block: Buckler           |       |       |       |       |   154 |   232 |       |       ||   386
         Reflection        |       |       |       |       |    14 |    28 |    46 |     5 ||    93
         Kite shield       |       |       |       |       |       |    16 |   643 |   219 ||   878

Table legend: (Time is in decaauts)
 A = Elapsed time spent in this place.
 B = Non-inter-level travel time spent in this place.
 C = Inter-level travel time spent in this place.
 D = Time resting spent in this place.
 E = Time spent auto-exploring this place.
 F = Levels seen in this place.
 G = Mean time per level.
                   A        B        C        D        E       F      G
               +--------+--------+--------+--------+--------+-----+--------+
         Total | 111313 | 104943 |   6370 |  40162 |  46142 |  56 | 1987.7 |
       Dungeon |  29833 |  27044 |   2789 |   6951 |  15538 |  15 | 1988.9 |
        Temple |      1 |      1 |      0 |      0 |      0 |   1 |    1.0 |
          Lair |  11751 |  10813 |    938 |   3421 |   5549 |   5 | 2350.2 |
         Swamp |   7287 |   6976 |    311 |   3571 |   2529 |   4 | 1821.8 |
   Spider Nest |   7809 |   7543 |    266 |   2374 |   3463 |   4 | 1952.2 |
    Slime Pits |   3620 |   3499 |    121 |   2159 |    618 |   5 |  724.0 |
  Orcish Mines |   3021 |   2342 |    679 |    489 |   1259 |   2 | 1510.5 |
   Elven Halls |   7393 |   7014 |    379 |   2687 |   2934 |   3 | 2464.3 |
        Vaults |  12315 |  12069 |    246 |   3156 |   6886 |   4 | 3078.8 |
        Depths |  12004 |  11573 |    431 |   6422 |   3509 |   4 | 3001.0 |
           Zot |  14311 |  14106 |    205 |   7811 |   3622 |   5 | 2862.2 |
        Bazaar |     93 |     93 |      0 |     15 |     26 |   1 |   93.0 |
         Sewer |    293 |    293 |      0 |    126 |     96 |   1 |  293.0 |
      Ice Cave |   1560 |   1560 |      0 |    975 |    112 |   1 | 1560.0 |
    Desolation |     15 |     15 |      0 |      5 |      0 |   1 |   15.0 |
               +--------+--------+--------+--------+--------+-----+--------+

Top non-repeatable levels by time:
Depths:4: 5930 daAuts
   Zot:5: 4398 daAuts
 Swamp:3: 3942 daAuts
Vaults:3: 3627 daAuts
  Lair:5: 3519 daAuts
    D:15: 3302 daAuts
   Elf:3: 3261 daAuts
Vaults:1: 3142 daAuts
Vaults:2: 3126 daAuts
   Zot:1: 3101 daAuts
Depths:2: 3077 daAuts
   Zot:2: 3064 daAuts
Spider:3: 2875 daAuts
     D:3: 2679 daAuts
     D:9: 2555 daAuts
